 Dungeon Crawl Stone Soup version 0.31-a0-692-gf03d1854d5 (webtiles) character file.

Game seed: 10344953380456147365

25812 qw the Marksgargoyle (level 13, -4/84 HPs)
             Began as a Gargoyle Hunter on Sept 6, 2023.
             Was an Elder of Okawaru.
             Slain by a wyvern (7 damage)
             ... on level 4 of the Lair of Beasts.
             The game lasted 00:06:38 (12838 turns).

qw the Marksgargoyle (Gargoyle Hunter)             Turns: 12838, Time: 00:06:39

Health: -4/84      AC: 36    Str: 20    XL:     13   Next: 22%
Magic:  20/20      EV: 21    Int: 10    God:    Okawaru [****..]
Gold:   578        SH:  0    Dex: 17    Spells: 12/12 levels left

rFire   . . .        Y - +1 longbow
rCold   . . .        (shield currently unavailable)
rNeg    + . .        f - +5 ring mail of Viaruh {Str+4}
rPois   inf          a - +2 helmet
rElec   +            c - +2 cloak
rCorr   .            d - +2 pair of gloves
SInv    .            h - +2 pair of boots
Will    .....        g - amulet of faith
Stlth   +++          e - +5 ring of evasion
HPRegen 0.34/turn    (no ring)
MPRegen 0.17/turn

%: faith
@: heroic
A: sickness immunity, AC +9, negative energy resistance 1, electricity
resistance, torment resistance 1, petrification resistance
a: Renounce Religion, Heroism, Finesse


You were on level 4 of the Lair of Beasts.
You worshipped Okawaru.
Okawaru was greatly pleased with you.
You visited 3 branches of the dungeon, and saw 15 of its levels.

You collected 1013 gold pieces.
You spent 435 gold pieces at shops.


Innate Abilities, Weirdness & Mutations

You are immune to sickness and miasma.
Your stone body is resilient. (AC +9)
You are immune to poison.
You resist negative energy. (rN+)
You are resistant to electric shocks. (rElec)
You are resistant to unholy torment.
You are immune to petrification.


   Skills:
 + Level 10.9(15.9) Fighting
 - Level 16.0(21.0) Ranged Weapons
 - Level 6.1(11.1) Armour
 - Level 5.1(10.1) Dodging
 - Level 1.1(6.1) Stealth
 - Level 10.0 Invocations


You had 12 spell levels left.
You didn't know any spells.
Your spell library was empty.

Inventory:

Hand Weapons
 Y - a +1 longbow (weapon)
Armour
 a - a +2 helmet (worn)
 c - a +2 cloak (worn)
 d - a +2 pair of gloves (worn)
 f - the +5 ring mail of Viaruh (worn) {Str+4}
   (You took it off a hobgoblin on level 3 of the Dungeon)

   Str+4:     It affects your strength (+4).
 h - a +2 pair of boots (worn)
 j - a +1 ring mail of fire resistance
 q - the +2 helmet "Cyoxzalu" {Harm rC+ Will+}
   (Okawaru gifted it to you on level 3 of the Lair of Beasts)

   rC+:       It protects you from cold.
   Will+:     It increases your willpower.
   Harm:      It increases damage dealt and taken.
Jewellery
 e - a +5 ring of evasion (left hand)
 g - an amulet of faith (around neck)
 l - an amulet of regeneration
 r - a +6 ring of intelligence
Wands
 o - a wand of digging (5)
Scrolls
 b - 7 scrolls of identify
Potions
 i - 7 potions of curing
 k - a potion of cancellation
 m - a potion of might
 n - 2 potions of haste
 s - a potion of attraction {unknown}

Dungeon Overview and Level Annotations

Branches:
Dungeon (10/15)            Temple (1/1) D:5            Lair (4/5) D:10
  Swamp (0/4) Lair:2        Snake (0/4) Lair:2          Orc (0/2) D:10
  Slime: Lair:4-5

Altars:
Ashenzari
Cheibriados
Dithmenos
Elyvilon
Fedhas
Gozag
Hepliaklqana
Kikubaaqudgha
Makhleb
Nemelex Xobeh
Okawaru
Qazlal
Ru
Sif Muna
Trog
Uskayaw
Vehumet
Wu Jian
Xom
Yredelemnul
Zin
The Shining One

Shops:
D:8 *

Annotations:
D:8 exclusion: hell hound


Message History

The killer bee misses you. The wyvern completely misses you.
The water moccasin closely misses you.
A wolf comes into view.
The water moccasin bites you but does no damage.
The yak completely misses you. The wyvern closely misses you.
You shoot an arrow. The arrow barely misses the yak.
The wolf howls!
The killer bee misses you.
A killer bee comes into view.
The killer bee stings you but does no damage.
The water moccasin bites you but does no damage.
The wyvern misses you.
The water moccasin bites you but does no damage.
You shoot an arrow. The arrow hits the yak.
The yak is heavily wounded.
The killer bee closely misses you.
The killer bee stings you but does no damage.
The blink frog blinks!
The yak completely misses you. The wyvern completely misses you.
A killer bee comes into view.
The killer bee misses you. The killer bee closely misses you.
The water moccasin bites you. The water moccasin misses you.
A hell rat comes into view.
You shoot an arrow. The arrow barely misses the yak.
The killer bee misses you. The killer bee closely misses you.
The wyvern barely misses you. The yak gores you but does no damage.
The water moccasin misses you.
The water moccasin bites you but does no damage.
You shoot an arrow. The arrow hits the yak!
The yak is severely wounded.
The killer bee misses you. The killer bee completely misses you.
The wyvern barely misses you. The water moccasin closely misses you.
The water moccasin bites you but does no damage.
The killer bee misses you. The killer bee barely misses you.
The yak misses you.
You shoot an arrow. The arrow hits the yak.
The yak is severely wounded.
The blink frog blinks!
The killer bee barely misses you.
The killer bee stings you but does no damage.
The wyvern bites you!
You die... ..... #. .. ..... ..r ... ..... #y# .... ..... #yy #.... ..... yy#

#..... ...##
#y# #...... ##
#. #l#S......
#. #@yy.....
#.#
.....¤YyS......
...+
...............
...#.
...$...........
.. #.
...............
#.
...............
##
...............
P..
...$F..........
... ##P


You could see a yak, a blink frog, 2 water moccasins, a wyvern, a hell rat and 9
killer bees.

Vanquished Creatures
  3 hydras
  A boulder beetle (Lair:4)
  3 death yaks (Lair:4)
  A sixfirhy (D:9)
  A skyshark (Lair:2)
  Joseph (D:7)
  Maggie (D:7)
  4 cane toads
  Jeremiah (D:9)
  5 rime drakes
  A komodo dragon (Lair:2)
  An ice devil (D:9)
  A tyrant leech (Lair:2)
  A polar bear (Lair:1)
  A queen bee (D:10)
  Grinder (D:4)
  13 blink frogs
  2 shadows (D:9)
  A vampire (D:10)
  A wyvern (Lair:3)
  16 yaks
  A chaos spawn (D:9)
  4 fire bats (D:8)
  3 basilisks
  2 steam dragons
  A fire elemental (D:8)
  2 vampire mosquitoes (D:10)
  3 swamp worms (Lair:2)
  An acid dragon (D:9)
  A hell hound (D:8)
  6 water moccasins
  Duvessa (D:6)
  4 ice beasts
  5 orc warriors
  3 black bears
  13 wolves
  4 ogres
  6 centaurs
  A kobold brigand (D:10)
  13 bullfrogs
  A gnoll sergeant (D:10)
  3 scorpions
  12 wights
  Dowan (D:6)
  35 killer bees
  5 howler monkeys
  A crimson imp (D:9)
  4 jellies
  A lava snake (D:7)
  A quasit (D:9)
  2 orc priests
  3 hounds
  A sleepcap (D:7)
  3 iguanas
  8 orc wizards
  8 gnolls
  6 adders
  3 shadow imps
  2 worms (D:2)
  5 dart slugs
  60 orcs
  5 ball pythons
  3 bats
  7 endoplasms
  6 giant cockroaches
  12 goblins
  9 hobgoblins
  9 jackals
  13 kobolds
  4 quokkas
  6 frilled lizards
  8 rats
381 creatures vanquished.

Vanquished Creatures (others)
  Maurice (D:9)
  A white imp (D:9)
2 creatures vanquished.

Grand Total: 383 creatures vanquished

Notes
Turn   | Place    | Note
-------+----------+-------------------------------------------
     0 | D:1      | qw the Gargoyle Hunter began the quest for the Orb.
     0 | D:1      | Reached XP level 1. HP: 12/12 MP: 1/1
     0 | D:1      | 0 ||| qw: Version: 0.3-a-76-g4403597
     0 | D:1      | 0 ||| qw: Game counter: 286
     0 | D:1      | 0 ||| qw: Melee chars always use a shield: true
     0 | D:1      | 0 ||| qw: God list: Okawaru
     0 | D:1      | 0 ||| qw: Allow faded altars: false
     0 | D:1      | 0 ||| qw: Do Orc after clearing Dungeon:15 true
     0 | D:1      | 0 ||| qw: Do second Lair branch before Depths: true
     0 | D:1      | 0 ||| qw: Lair rune preference: random
     0 | D:1      | 0 ||| qw: Goals: Normal
     0 | D:1      | 0 ||| PLANNING D:1-11
   114 | D:1      | Reached XP level 2. HP: 17/17 MP: 2/2
   274 | D:1      | Reached XP level 3. HP: 12/21 MP: 3/3
   372 | D:1      | Reached skill level 5 in Ranged Weapons
   514 | D:1      | 514 ||| READING scroll labelled GUAMON BAOKEIM.
   515 | D:1      | 515 ||| READING 2 scrolls labelled DORRAU EMUR.
   516 | D:1      | 516 ||| READING scroll labelled VIBOIJ KASENTO.
   517 | D:1      | 517 ||| DROPPING scroll of butterflies.
   671 | D:2      | Reached skill level 3 in Fighting
   686 | D:2      | Reached XP level 4. HP: 28/28 MP: 4/4
   799 | D:2      | Found a snail-covered altar of Cheibriados.
  1274 | D:2      | 1274 ||| UPGRADING to +0 helmet.
  1279 | D:2      | 1279 ||| UPGRADING to +0 ring mail.
  1289 | D:2      | 1289 ||| DROPPING +0 leather armour.
  1290 | D:2      | 1290 ||| READING scroll of enchant armour.
  1290 | D:2      | 1290 ||| ENCHANTING +0 helmet.
  1315 | D:3      | 1315 ||| STAIRDANCE
  1355 | D:3      | Reached XP level 5. HP: 19/32 MP: 5/5
  1355 | D:3      | 1355 ||| STAIRDANCE
  1459 | D:3      | Identified the +10 whip of Awnuoxi {venom, rF+ Str+2}
  1479 | D:3      | Reached skill level 1 in Armour
  1486 | D:3      | Identified the +5 ring mail of Viaruh {Str+4}
  1581 | D:3      | Found an ornate altar of the Wu Jian Council.
  1582 | D:3      | 1582 ||| SWAPPING to +0 arbalest.
  1598 | D:3      | Reached skill level 6 in Ranged Weapons
  1672 | D:3      | 1672 ||| DROPPING +0 shortbow.
  1769 | D:3      | Found a sacrificial altar of Ru.
  1769 | D:3      | Found a blossoming altar of Fedhas.
  1811 | D:3      | Noticed an ice beast
  1820 | D:3      | 1820 ||| Stepping ~*~*~tactically~*~*~ (outnumbered).
  1827 | D:3      | Killed an ice beast
  1828 | D:3      | Reached XP level 6. HP: 19/39 MP: 6/6
  1866 | D:3      | 1866 ||| FLEEEEING.
  1867 | D:3      | 1867 ||| FLEEEEING.
  2054 | D:3      | 2054 ||| UPGRADING to +5 ring mail of Viaruh {Str+4}.
  2064 | D:3      | 2064 ||| DROPPING +0 ring mail.
  2065 | D:3      | 2065 ||| READING scroll labelled YSURILAIME.
  2066 | D:3      | 2066 ||| READING scroll labelled MAWOEN DUE.
  2094 | D:3      | 2094 ||| DRINKING 2 coppery potions.
  2095 | D:3      | 2095 ||| READING 4 scrolls of identify.
  2095 | D:3      | 2095 ||| IDENTIFYING orange potion
  2096 | D:3      | 2096 ||| DROPPING potion of magic.
  2270 | D:4      | 2270 ||| FLEEEEING.
  2271 | D:4      | 2271 ||| FLEEEEING.
  2272 | D:4      | 2272 ||| FLEEEEING.
  2482 | D:4      | Noticed an ice beast
  2488 | D:4      | Killed an ice beast
  2565 | D:4      | Noticed Grinder
  2566 | D:4      | Noticed a black bear
  2567 | D:4      | 2567 ||| RETREATING.
  2569 | D:4      | Killed a black bear
  2570 | D:4      | Reached skill level 7 in Ranged Weapons
  2570 | D:4      | Reached XP level 7. HP: 37/44 MP: 7/7
  2570 | D:4      | Paralysed by Grinder for 4 turns
  2576 | D:4      | Paralysed by Grinder for 3 turns
  2577 | D:4      | HP: 10/44 [Grinder (7)]
  2579 | D:4      | 2579 ||| DRINKING potion of heal wounds.
  2588 | D:4      | Paralysed by Grinder for 5 turns
  2593 | D:4      | 2593 ||| FLEEEEING.
  2594 | D:4      | 2594 ||| FLEEEEING.
  2596 | D:4      | Killed Grinder
  2597 | D:4      | Reached skill level 8 in Ranged Weapons
  2921 | D:4      | 2921 ||| UPGRADING to amulet of guardian spirit.
  2926 | D:4      | 2926 ||| UPGRADING to +5 ring of evasion.
  2927 | D:4      | 2927 ||| READING scroll labelled XENOR OWNYCSA.
  2928 | D:4      | 2928 ||| READING scroll labelled MINOLI WOAGUEWK.
  2929 | D:4      | 2929 ||| READING 3 scrolls of identify.
  2929 | D:4      | 2929 ||| IDENTIFYING murky cyan potion
  2930 | D:4      | 2930 ||| READING 2 scrolls of identify.
  2930 | D:4      | 2930 ||| IDENTIFYING brown potion
  2931 | D:4      | 2931 ||| DROPPING potion of invisibility.
  2967 | D:5      | Entered Level 5 of the Dungeon
  3080 | D:5      | Reached XP level 8. HP: 49/49 MP: 8/8
  3220 | D:5      | Reached skill level 9 in Ranged Weapons
  3422 | D:5      | Found a staircase to the Ecumenical Temple.
  3423 | D:5      | 3423 ||| PLANNING TEMPLE
  3423 | D:5      | 3423 ||| UPGRADING to +0 pair of boots.
  3428 | D:5      | 3428 ||| UPGRADING to +2 pair of boots.
  3438 | D:5      | 3438 ||| DROPPING +0 pair of boots.
  3439 | D:5      | 3439 ||| READING scroll labelled CEL RUTWUDUZURE.
  3440 | D:5      | 3440 ||| DRINKING 2 metallic brown potions.
  3441 | D:5      | 3441 ||| DROPPING potion of brilliance.
  3449 | Temple   | Entered the Ecumenical Temple
  3450 | Temple   | 3450 ||| PLANNING OKAWARU WORSHIP
  3458 | Temple   | Became a worshipper of Warmaster Okawaru
  3459 | Temple   | 3459 ||| PLANNING D:1-11
  3459 | Temple   | 3459 ||| REMOVING amulet of guardian spirit.
  3464 | Temple   | 3464 ||| DROPPING amulet of guardian spirit.
  3559 | D:6      | 3559 ||| SWAPPING to +0 longbow.
  3560 | D:6      | 3560 ||| DROPPING +1 arbalest.
  3590 | D:6      | Reached skill level 6 in Fighting
  3597 | D:6      | Noticed Dowan
  3604 | D:6      | Killed Dowan
  3610 | D:6      | Noticed Duvessa
  3623 | D:6      | Killed Duvessa
  3871 | D:6      | Reached skill level 10 in Ranged Weapons
  3871 | D:6      | Reached XP level 9. HP: 55/55 MP: 9/9
  3983 | D:6      | Reached skill level 3 in Armour
  4019 | D:6      | Reached * piety under Okawaru
  4026 | D:6      | 4026 ||| INVOKING Heroism.
  4027 | D:6      | 4027 ||| INVOKING Heroism.
  4029 | D:6      | Reached skill level 3 in Dodging
  4079 | D:6      | Identified the +1 robe "Diam" {rN+}
  4283 | D:6      | 4283 ||| DROPPING +1 robe "Diam" {rN+}.
  4284 | D:6      | 4284 ||| UPGRADING to amulet of faith.
  4289 | D:6      | 4289 ||| READING scroll labelled JONTYLIBLY.
  4290 | D:6      | 4290 ||| READING scroll labelled EPYEMI HESAO.
  4529 | D:7      | Noticed Maggie
  4538 | D:7      | Killed Maggie
  4600 | D:7      | 4600 ||| INVOKING Heroism.
  4601 | D:7      | 4601 ||| INVOKING Heroism.
  4603 | D:7      | 4603 ||| Stepping ~*~*~tactically~*~*~ (cloud).
  4615 | D:7      | Reached skill level 3 in Invocations
  4726 | D:7      | 4726 ||| Stepping ~*~*~tactically~*~*~ (outnumbered).
  4730 | D:7      | 4730 ||| Stepping ~*~*~tactically~*~*~ (outnumbered).
  4748 | D:7      | Reached ** piety under Okawaru
  4822 | D:7      | 4822 ||| INVOKING Heroism.
  4850 | D:7      | Reached skill level 11 in Ranged Weapons
  4860 | D:7      | 4860 ||| INVOKING Heroism.
  5017 | D:7      | Reached XP level 10. HP: 63/63 MP: 13/13
  5162 | D:7      | 5162 ||| Stepping ~*~*~tactically~*~*~ (water).
  5305 | D:7      | Noticed Joseph
  5309 | D:7      | 5309 ||| INVOKING Heroism.
  5322 | D:7      | Killed Joseph
  5539 | D:7      | 5539 ||| UPGRADING to +0 pair of gloves.
  5544 | D:7      | 5544 ||| READING 2 scrolls labelled NURAUL ATZE.
  5547 | D:7      | 5547 ||| READING scroll labelled IGOGYO FEFRIWK.
  5548 | D:7      | 5548 ||| READING scroll labelled KAXTOI ZUMEEV.
  5549 | D:7      | 5549 ||| READING scroll labelled VIN YHU VOURO.
  5550 | D:7      | 5550 ||| READING 4 scrolls of identify.
  5550 | D:7      | 5550 ||| IDENTIFYING red potion
  5551 | D:7      | 5551 ||| READING 3 scrolls of identify.
  5551 | D:7      | 5551 ||| IDENTIFYING white potion
  5552 | D:7      | 5552 ||| READING 2 scrolls of identify.
  5552 | D:7      | 5552 ||| IDENTIFYING viscous golden potion
  5553 | D:7      | 5553 ||| DROPPING potion of degeneration.
  5554 | D:7      | 5554 ||| DROPPING potion of berserk rage.
  5582 | D:8      | 5582 ||| INVOKING Heroism.
  5585 | D:8      | 5585 ||| STAIRDANCE
  5599 | D:8      | 5599 ||| STAIRDANCE
  5941 | D:8      | 5941 ||| Stepping ~*~*~tactically~*~*~ (retreating).
  5942 | D:8      | 5942 ||| Stepping ~*~*~tactically~*~*~ (retreating).
  5943 | D:8      | 5943 ||| Stepping ~*~*~tactically~*~*~ (retreating).
  5944 | D:8      | 5944 ||| Stepping ~*~*~tactically~*~*~ (retreating).
  5945 | D:8      | 5945 ||| Stepping ~*~*~tactically~*~*~ (retreating).
  5948 | D:8      | 5948 ||| Stepping ~*~*~tactically~*~*~ (retreating).
  6284 | D:8      | 6284 ||| RETREATING.
  6285 | D:8      | 6285 ||| DROPPING ring of magical power.
  6291 | D:8      | 6291 ||| INVOKING Heroism.
  6294 | D:8      | 6294 ||| Stepping ~*~*~tactically~*~*~ (retreating).
  6295 | D:8      | 6295 ||| Stepping ~*~*~tactically~*~*~ (retreating).
  6306 | D:8      | Reached skill level 12 in Ranged Weapons
  6306 | D:8      | HP: 10/65 [fire bat (7)]
  6307 | D:8      | 6307 ||| READING scroll of teleportation.
  6395 | D:8      | 6395 ||| INVOKING Heroism.
  6520 | D:8      | Found Jeziunir's Assorted Antiques.
  6528 | D:8      | 6528 ||| BUYING 2 potions of curing (174 gold).
  6528 | D:8      | Bought 2 potions of curing for 174 gold pieces
  6528 | D:8      | 6528 ||| BUYING fluorescent wand (116 gold).
  6528 | D:8      | Bought a fluorescent wand for 116 gold pieces
  6528 | D:8      | 6528 ||| BUYING runed malachite amulet (145 gold).
  6528 | D:8      | Bought a runed malachite amulet for 145 gold pieces
  6578 | D:8      | 6578 ||| DRINKING 2 viscous blue potions.
  6579 | D:8      | 6579 ||| DROPPING wand of paralysis (7).
  6584 | D:9      | Noticed Jeremiah
  6594 | D:9      | 6594 ||| STAIRDANCE
  6676 | D:9      | 6676 ||| STAIRDANCE
  6709 | D:9      | 6709 ||| STAIRDANCE
  6776 | D:9      | 6776 ||| INVOKING Heroism.
  6778 | D:9      | Killed Jeremiah
  6778 | D:9      | Reached *** piety under Okawaru
  7023 | D:9      | 7023 ||| Stepping ~*~*~tactically~*~*~ (retreating).
  7128 | D:9      | Reached skill level 13 in Ranged Weapons
  7231 | D:9      | 7231 ||| INVOKING Heroism.
  7231 | D:9      | HP: 15/65 [acid dragon/splash of acid (23)]
  7470 | D:9      | Reached skill level 9 in Fighting
  7476 | D:9      | Noticed a sixfirhy
  7477 | D:9      | 7477 ||| RETREATING.
  7478 | D:9      | 7478 ||| Stepping ~*~*~tactically~*~*~ (retreating).
  7488 | D:9      | Killed a sixfirhy
  7488 | D:9      | Reached **** piety under Okawaru
  7489 | D:9      | Reached XP level 11. HP: 53/71 MP: 14/14
  7495 | D:9      | 7495 ||| INVOKING Heroism.
  7670 | D:9      | 7670 ||| RETREATING.
  7670 | D:9      | Noticed Maurice
  7677 | D:9      | 7677 ||| INVOKING Heroism.
  7684 | D:9      | Killed Maurice
  7910 | D:9      | Found a hide-covered altar of Uskayaw.
  7985 | D:9      | 7985 ||| UPGRADING to +2 cloak.
  7990 | D:9      | 7990 ||| READING scroll labelled NIXZAI SUJUS.
  8017 | D:10     | Entered Level 10 of the Dungeon
  8359 | D:10     | 8359 ||| INVOKING Heroism.
  8394 | D:10     | 8394 ||| INVOKING Heroism.
  8406 | D:10     | Reached skill level 6 in Invocations
  8413 | D:10     | 8413 ||| INVOKING Heroism.
  8744 | D:10     | Found a staircase to the Lair.
  8752 | D:10     | 8752 ||| Stepping ~*~*~tactically~*~*~ (outnumbered).
  8753 | D:10     | 8753 ||| Stepping ~*~*~tactically~*~*~ (outnumbered).
  8755 | D:10     | 8755 ||| Stepping ~*~*~tactically~*~*~ (outnumbered).
  8756 | D:10     | 8756 ||| Stepping ~*~*~tactically~*~*~ (outnumbered).
  8757 | D:10     | 8757 ||| Stepping ~*~*~tactically~*~*~ (outnumbered).
  8758 | D:10     | 8758 ||| Stepping ~*~*~tactically~*~*~ (outnumbered).
  8759 | D:10     | 8759 ||| Stepping ~*~*~tactically~*~*~ (outnumbered).
  8760 | D:10     | 8760 ||| Stepping ~*~*~tactically~*~*~ (outnumbered).
  8761 | D:10     | 8761 ||| Stepping ~*~*~tactically~*~*~ (outnumbered).
  8762 | D:10     | 8762 ||| Stepping ~*~*~tactically~*~*~ (outnumbered).
  8810 | D:10     | 8810 ||| INVOKING Heroism.
  8833 | D:10     | 8833 ||| RETREATING.
  8852 | D:10     | Reached ***** piety under Okawaru
  8887 | D:10     | Found a staircase to the Orcish Mines.
  8918 | D:10     | 8918 ||| PLANNING LAIR
  8918 | D:10     | 8918 ||| READING 4 scrolls of identify.
  8918 | D:10     | 8918 ||| IDENTIFYING fizzy pink potion
  8924 | Lair:1   | Entered Level 1 of the Lair of Beasts
  8931 | Lair:1   | 8931 ||| INVOKING Heroism.
  8932 | Lair:1   | 8932 ||| RETREATING.
  8947 | Lair:1   | Reached skill level 14 in Ranged Weapons
  8960 | Lair:1   | Received a gift from Okawaru
  9056 | Lair:1   | 9056 ||| RETREATING.
  9078 | Lair:1   | 9078 ||| INVOKING Heroism.
  9099 | Lair:1   | 9099 ||| INVOKING Heroism.
  9110 | Lair:1   | Reached skill level 6 in Armour
  9127 | Lair:1   | HP: 13/71 [wolf (7)]
  9128 | Lair:1   | 9128 ||| READING 2 scrolls of teleportation.
  9133 | Lair:1   | Reached XP level 12. HP: 12/76 MP: 16/18
  9753 | Lair:1   | 9753 ||| INVOKING Heroism.
  9824 | Lair:2   | 9824 ||| INVOKING Heroism.
  9937 | Lair:2   | 9937 ||| INVOKING Heroism.
  9998 | Lair:2   | 9998 ||| INVOKING Heroism.
 10002 | Lair:2   | 10002 ||| RETREATING.
 10003 | Lair:2   | 10003 ||| Stepping ~*~*~tactically~*~*~ (retreating).
 10004 | Lair:2   | 10004 ||| Stepping ~*~*~tactically~*~*~ (retreating).
 10005 | Lair:2   | 10005 ||| Stepping ~*~*~tactically~*~*~ (retreating).
 10007 | Lair:2   | 10007 ||| Stepping ~*~*~tactically~*~*~ (retreating).
 10017 | Lair:2   | Reached skill level 9 in Invocations
 10125 | Lair:2   | Noticed a six-headed hydra
 10126 | Lair:2   | 10126 ||| INVOKING Heroism.
 10134 | Lair:2   | Killed a six-headed hydra
 10361 | Lair:2   | Noticed a skyshark
 10368 | Lair:2   | Killed a skyshark
 10387 | Lair:2   | Noticed a four-headed hydra
 10388 | Lair:2   | 10388 ||| Stepping ~*~*~tactically~*~*~ (retreating).
 10391 | Lair:2   | 10391 ||| INVOKING Heroism.
 10407 | Lair:2   | Killed a four-headed hydra
 10407 | Lair:2   | Received a gift from Okawaru
 10485 | Lair:2   | 10485 ||| DROPPING +2 heavy arbalest.
 10534 | Lair:2   | Found a staircase to the Snake Pit.
 10845 | Lair:2   | 10845 ||| INVOKING Heroism.
 10848 | Lair:2   | 10848 ||| Stepping ~*~*~tactically~*~*~ (outnumbered).
 10853 | Lair:2   | Reached skill level 15 in Ranged Weapons
 10916 | Lair:2   | Found a staircase to the Swamp.
 11063 | Lair:3   | 11063 ||| INVOKING Heroism.
 11299 | Lair:3   | Noticed a four-headed hydra
 11300 | Lair:3   | 11300 ||| INVOKING Heroism.
 11302 | Lair:3   | 11302 ||| RETREATING.
 11310 | Lair:3   | 11310 ||| Stepping ~*~*~tactically~*~*~ (retreating).
 11311 | Lair:3   | 11311 ||| Stepping ~*~*~tactically~*~*~ (retreating).
 11312 | Lair:3   | 11312 ||| Stepping ~*~*~tactically~*~*~ (retreating).
 11313 | Lair:3   | 11313 ||| Stepping ~*~*~tactically~*~*~ (retreating).
 11314 | Lair:3   | 11314 ||| Stepping ~*~*~tactically~*~*~ (retreating).
 11317 | Lair:3   | Killed a four-headed hydra
 11317 | Lair:3   | Identified the +2 helmet "Cyoxzalu" {Harm rC+ Will+}
                  | (Okawaru gifted it to you on level 3 of the Lair of Beasts)
 11317 | Lair:3   | Received a gift from Okawaru
 11735 | Lair:3   | 11735 ||| Stepping ~*~*~tactically~*~*~ (retreating).
 11739 | Lair:3   | 11739 ||| Stepping ~*~*~tactically~*~*~ (retreating).
 11740 | Lair:3   | 11740 ||| Stepping ~*~*~tactically~*~*~ (retreating).
 11749 | Lair:3   | 11749 ||| INVOKING Heroism.
 11864 | Lair:3   | 11864 ||| READING 3 scrolls of enchant armour.
 11864 | Lair:3   | 11864 ||| ENCHANTING +0 pair of gloves.
 11865 | Lair:3   | 11865 ||| READING 2 scrolls of enchant armour.
 11865 | Lair:3   | 11865 ||| ENCHANTING +1 pair of gloves.
 11866 | Lair:3   | 11866 ||| READING scroll of enchant armour.
 11866 | Lair:3   | 11866 ||| ENCHANTING +1 helmet.
 12304 | Lair:4   | 12304 ||| STAIRDANCE
 12317 | Lair:4   | Reached XP level 13. HP: 75/82 MP: 20/20
 12400 | Lair:4   | 12400 ||| READING scroll of enchant weapon.
 12400 | Lair:4   | 12400 ||| ENCHANTING +0 longbow.
 12414 | Lair:4   | 12414 ||| RETREATING.
 12416 | Lair:4   | 12416 ||| INVOKING Heroism.
 12417 | Lair:4   | 12417 ||| INVOKING Finesse.
 12436 | Lair:4   | Reached skill level 16 in Ranged Weapons
 12490 | Lair:4   | 12490 ||| INVOKING Heroism.
 12491 | Lair:4   | 12491 ||| INVOKING Finesse.
 12777 | Lair:4   | 12777 ||| RETREATING.
 12781 | Lair:4   | 12781 ||| Stepping ~*~*~tactically~*~*~ (retreating).
 12783 | Lair:4   | 12783 ||| Stepping ~*~*~tactically~*~*~ (retreating).
 12788 | Lair:4   | 12788 ||| Stepping ~*~*~tactically~*~*~ (retreating).
 12790 | Lair:4   | 12790 ||| Stepping ~*~*~tactically~*~*~ (retreating).
 12791 | Lair:4   | 12791 ||| Stepping ~*~*~tactically~*~*~ (retreating).
 12795 | Lair:4   | 12795 ||| Stepping ~*~*~tactically~*~*~ (retreating).
 12796 | Lair:4   | 12796 ||| Stepping ~*~*~tactically~*~*~ (retreating).
 12797 | Lair:4   | 12797 ||| Stepping ~*~*~tactically~*~*~ (retreating).
 12798 | Lair:4   | 12798 ||| Stepping ~*~*~tactically~*~*~ (retreating).
 12799 | Lair:4   | 12799 ||| Stepping ~*~*~tactically~*~*~ (retreating).
 12800 | Lair:4   | 12800 ||| Stepping ~*~*~tactically~*~*~ (retreating).
 12801 | Lair:4   | 12801 ||| Stepping ~*~*~tactically~*~*~ (retreating).
 12802 | Lair:4   | 12802 ||| Stepping ~*~*~tactically~*~*~ (retreating).
 12802 | Lair:4   | HP: 13/83 [meliai/divine providence (9)]
 12803 | Lair:4   | 12803 ||| READING scroll of teleportation.
 12804 | Lair:4   | 12804 ||| INVOKING Heroism.
 12820 | Lair:4   | 12820 ||| INVOKING Heroism.
 12822 | Lair:4   | HP: 12/83 [yak (7)]
 12828 | Lair:4   | HP: 1/84 [yak (8)]
 12835 | Lair:4   | HP: 2/84 [water moccasin (1)]
 12838 | Lair:4   | Slain by a wyvern

Levels and vault maps discovered:
D:1:      lemuel_arrival_hallway, layout_basic,
          hangedman_abyss_or_decor_lesser_grid, serial_park_tiny_2
D:2:      layout_basic, basic_altar
D:3:      layout_rooms, nicolae_wu_jian_immortal_techniques,
          gammafunk_temple_overflow_statue, corexii_leaking_fountain
D:4:      minmay_inner_zag, layout_loops_ring, uniq_grinder
D:5:      layout_rooms, minmay_temple_entry_glassed_door
D:6:      layout_basic, st_stairs_4, nicolae_titane, uniq_duvessa
D:7:      layout_basic, enter_bailey_4, kennysheep_big_empty_room, uniq_joseph,
          uniq_maggie
D:8:      layout_basic, serial_shops, nicolae_stop_n_shop_1,
          hangedman_incinerator
D:9:      layout_basic, amcnicky_altar_gilded, nicolae_demonic_statue_gallery,
          uniq_jeremiah, uniq_maurice
D:10:     layout_basic, lair_entry_dummy, hiddenorc1_lemuel, special_room
          [special_room_bee]
Temple:   nicolae_temple_two_arcs
Lair:1:   layout_gridlike
Lair:2:   wad_woods_structure_01, layout_big_grid, minmay_swamp_entry_worms,
          dummy_snake_entry, lemuel_old_faithful
Lair:3:   layout_layer_cave
Lair:4:   hangedman_what_comes_after_a, layout_regular_city,
          serial_bayou_shore_b

Skill      XL: |  1  2  3  4  5  6  7  8  9 10 11 12 13 |
---------------+----------------------------------------+-----
Ranged Weapons | 5 6 7 8 10 11 13 14 15 16 | 16.0
Fighting       | 3 4 5 6 7 9 10 | 10.9
Armour         | 1 2 3 4 6 |  6.1
Dodging        | 2 3 4 5 |  5.1
Invocations    | 4 8 10 | 10.0
Stealth        | |  1.1

Action                     |  1- 3 |  4- 6 |  7- 9 | 10-12 | 13-15 || total
---------------------------+-------+-------+-------+-------+-------++-------
   Fire: Shortbow          |   134 |   123 |       |       |       ||   257
         Arbalest          |       |    86 |    89 |       |       ||   175
         Longbow           |       |       |   158 |   901 |    99 ||  1158
 Invoke: Heroism           |       |       |     4 |    25 |     4 ||    33
         Finesse           |       |       |       |       |     2 ||     2
    Use: Scroll            |     3 |     4 |     7 |    14 |     2 ||    30
         Potion            |       |     1 |     2 |     1 |       ||     4
 Armour: Leather armour    |    35 |    27 |       |       |       ||    62
         Ring mail         |       |    83 |    84 |   463 |    49 ||   679
  Dodge: Dodged            |    28 |    97 |   133 |   822 |   122 ||  1202

Table legend:
 A = Non-vault XP
 B = Vault XP
 C = Vault XP percentage of total XP
 D = Non-vault monster count
 E = Vault monster count
 F = Vault count percentage of total count
                 A         B        C        D         E       F
            +---------+---------+-------+---------+---------+-------
      Total |   25358 |   11517 |  31.2 |     289 |      93 |  24.3
            +---------+---------+-------+---------+---------+-------
        D:1 |      42 |       0 |   0.0 |      26 |       0 |   0.0
        D:2 |     117 |       0 |   0.0 |      28 |       0 |   0.0
        D:3 |     231 |       0 |   0.0 |      33 |       0 |   0.0
        D:4 |     354 |     282 |  44.3 |      12 |       6 |  33.3
        D:5 |     813 |       0 |   0.0 |      19 |       0 |   0.0
        D:6 |     840 |     298 |  26.2 |      18 |       4 |  18.2
        D:7 |    1664 |     860 |  34.1 |      21 |       7 |  25.0
        D:8 |     655 |    1126 |  63.2 |       9 |       6 |  40.0
        D:9 |    1734 |    2093 |  54.7 |      27 |       8 |  22.9
       D:10 |    2045 |    2053 |  50.1 |      29 |      44 |  60.3
     Lair:1 |    3551 |       0 |   0.0 |      21 |       0 |   0.0
     Lair:2 |    5098 |    4557 |  47.2 |      19 |      14 |  42.4
     Lair:3 |    3326 |       0 |   0.0 |      15 |       0 |   0.0
     Lair:4 |    4888 |     248 |   4.8 |      12 |       4 |  25.0
            +---------+---------+-------+---------+---------+-------
